[Event "*** Titled Tuesday Blitz"]
[Site "Chess.com"]
[Date "2020.05.12"]
[Round "10"]
[White "MisiekZielony"]
[Black "CzechmVIII"]
[Result "1-0"]
[WhiteElo "2128"]
[BlackElo "2196"]
[TimeControl "180+1"]
[EndTime "11:53:43 PDT"]
[Termination "MisiekZielony won on time"]

1. c4 Nf6 2. Nc3 c5 3. g3 e6 4.
Bg2 d5 5. cxd5 exd5 6. d4 cxd4 7. Nb1 Nc6 8. Nf3 Bb4+ 9. Nbd2 O-O 10. O-O Bf5 11.
Nb3 Be7 12. Nbxd4 Nxd4 13. Nxd4 Bg6 14. b3 Ne4 15. Bb2 Bf6 16. e3 Rc8 17. Bh3 Rb8 18. f3 Ng5 19. Bg2 Ne6 20. Qd2 Nxd4 21. Bxd4 Bxd4 22. Qxd4 b6 23. Rad1 Re8 24. Rfe1 Rc8 25.
Rd2 h5 26. Kf2 Rc5 27. f4 h4 28. Bxd5 hxg3+ 29. hxg3 Qc7 30. e4 Rc1 31. Ree2 Rh1 32.
Rc2 Qe7 33. Kg2 Rb1 34. Rcd2 Kf8 35. Qd3 Rc1 36. Qd4 Rec8 37. f5 Bh5 38. f6 gxf6 39.
Rf2 Bg6 40. Rxf6 R8c3 41. Rxg6 fxg6 42. Rf2+ 1-0

[Event "*** Titled Tuesday Blitz"]
[Site "Chess.com"]
[Date "2020.05.12"]
[Round "10"]
[White "elohunter1999"]
[Black "Godzillator"]
[Result "1-0"]
[WhiteElo "2587"]
[BlackElo "2470"]
[TimeControl "180+1"]
[EndTime "11:53:44 PDT"]
[Termination "elohunter1999 won on time"]

1. e4 c6 2. d4 d5 3. e5 Bf5 4. Nf3 e6 5. Be2 c5 6. Be3 cxd4 7. Nxd4 Ne7 8. O-O Nbc6 9. Bb5 a6 10. Bxc6+ bxc6 11.
c4 Bg6 12. Qa4 Qd7 13. Na3 c5 14. Ndb5 Nc6 15. cxd5 exd5 16. Rfd1 d4 17. Nc4 axb5 18. Qxa8+ Nd8 19. Na5 Be7 20. b4 Qe6 21. Bf4 O-O 22.
bxc5 Bxc5 23. Rac1 Bb6 24. Nc6 Qg4 25. Bg3 Be4 26.
f3 d3+ 27. Kh1 Bxf3 28. Ne7+ Kh8 29. Qxf3 Qa4 30. Nd5 Ba7 31. Rxd3 Ne6 32. Ra3 Qd4 33. Rd1 Qc5 34. Rc3 1-0

[Event "*** Titled Tuesday Blitz"]
[Site "Chess.com"]
[Date "2020.05.12"]
[Round "10"]
[White "stoleriu"]
[Black "noblerone"]
[Result "1-0"]
[WhiteElo "2568"]
[BlackElo "2441"]
[TimeControl "180+1"]
[EndTime "11:53:44 PDT"]
[Termination "stoleriu won on time"]

1. e4 c5 2. Nf3 e6 3. b3 d5 4. exd5 Qxd5 5. Bb2 Nf6 6. Nc3 Qd8 7. g3 Be7 8. Bg2 O-O 9. O-O Nc6 10. Re1 a6 11. a4 Qc7 12. Ne4 Nxe4 13. Rxe4 f6 14. d4 cxd4 15.
Nxd4 Nxd4 16. Rxd4 e5 17. Rc4 Qb6 18. a5 Qd8 19. Bd5+ Kh8 20. Rh4 Bf5 21. c4 g5 22.
Rh6 Bg6 23. h4 Kg7 24. hxg5 fxg5 25. Rh2 Bf6 26. Qd2 e4 27. Re1 Re8 28. Qxg5 Bxb2 29. Qh6+ Kf6 30. Rh4 Be5 31. Bxe4 1-0

[Event "*** Titled Tuesday Blitz"]
[Site "Chess.com"]
[Date "2020.05.12"]
[Round "10"]
[White "javirec"]
[Black "KaterinaMiroshnik"]
[Result "1-0"]
[WhiteElo "2300"]
[BlackElo "2435"]
[TimeControl "180+1"]
[EndTime "11:53:44 PDT"]
[Termination "javirec won by resignation"]

1. e4 e6 2. d4 d5 3. Nc3 Nf6 4. e5 Nfd7 5. Nce2 c5 6. c3 Nc6 7. f4 a5 8. Nf3 a4 9. g3 a3 10. b3 cxd4 11. cxd4 Qb6 12. Be3 Be7 13. h4 f6 14. Kf2 O-O 15. Bh3 Nb4 16. Kg2 Nb8 17.
exf6 Bxf6 18. Ne5 N8c6 19. Qd2 Bxe5 20. dxe5 d4 21. Nxd4 Nxd4 22. Bxd4 Qc6+ 23. Kh2 Nc2 24. Rac1 Nxd4 25. Qxd4 Qf3 26. Rhf1 Qh5 27. Rxc8 Raxc8 28. Bxe6+ Kh8 29. Bxc8 Rxc8 30. f5 h6 31. f6 Rc2+ 32.
Rf2 Qf5 33. fxg7+ Kxg7 34. e6+ Kg6 35. Rxc2 Qxc2+ 36. Kh3 h5 37. e7 Qf5+ 38. Kg2 Qc2+ 39. Kf3 Qc6+ 40. Qe4+ 1-0

[Event "*** Titled Tuesday Blitz"]
[Site "Chess.com"]
[Date "2020.05.12"]
[Round "10"]
[White "AGW2016"]
[Black "ASVZ"]
[Result "1-0"]
[WhiteElo "2174"]
[BlackElo "2337"]
[TimeControl "180+1"]
[EndTime "11:53:44 PDT"]
[Termination "AGW2016 won on time"]

1. e4 e6 2. d4 d5 3. exd5 exd5 4. Nf3 Nc6 5. Bd3 Bd6 6. O-O Nge7 7. c4 dxc4 8. Bxc4 O-O 9. Nc3 Bg4 10. h3 Bh5 11. Bg5 Qd7 12. Ne5 Bxe5 13. Qxh5 g6 14. Qe2 Bxd4 15. Rad1 Rfe8 16. Qf3 Qf5 17. Qxf5 Nxf5 18.
Nd5 Rac8 19. Rxd4 Ncxd4 20. Nf6+ Kg7 21. Nxe8+ Rxe8 22. Rd1 c5 23. a4 b6 24. Kf1 h6 25. Bd2 Nd6 26. Bd3 Ne4 27. Be3 f5 28. f3 Nd6 29. Bf4 Re6 30. Re1 Rxe1+ 31. Kxe1 Nf7 32. Bb8 Nc6 33. Bc7 Kf6 34. Bb5 Nfd8 35. Kd2 Ke6 36. Ke3 Kd7 37. Bxd8 Kxd8 38. Bxc6 Kc7 39. Bb5 g5 40. Kd3 Kd6 41. Bc4 Ke5 42. Ke3 h5 43. g3 Kf6 44. f4 h4 45. gxh4 g4 46. hxg4 fxg4 47. Kf2 Kf5 48. Kg3 Ke4 49. Kxg4 Ke3 50. f5 Kd4 51. b3 Ke3 52. f6 Kd2 53. f7 Kc1 54. f8=Q Kb2 55. Qf6+ Ka3 56. Qc3 1-0

[Event "*** Titled Tuesday Blitz"]
[Site "Chess.com"]
[Date "2020.05.12"]
[Round "10"]
[White "SerGo055"]
[Black "Kirill_Klukin"]
[Result "0-1"]
[WhiteElo "2574"]
[BlackElo "2701"]
[TimeControl "180+1"]
[EndTime "11:53:45 PDT"]
[Termination "Kirill_Klukin won on time"]

1. d4 Nf6 2. Nf3 g6 3. c4 Bg7 4. Nc3 O-O 5. Bg5 d6 6. Qd2 c5 7. d5 a6 8. Bh6 b5 9. h4 b4 10. Nd1 Bxh6 11. Qxh6 e5 12. h5 Ng4 13. Qd2 Qf6 14. hxg6 fxg6 15. e4 a5 16. Be2 a4 17.
Ne3 Nxe3 18. Qxe3 Ra7 19. O-O-O Bg4 20. Rdf1 Qf4 21. Kd2 Bxf3 22. Bxf3 Nd7 23. Qxf4 Rxf4 24. Ke3 Nb6 25. Be2 Kg7 26. g3 Rf6 27. f4 Re7 28. f5 gxf5 29. exf5 Nd7 30. g4 h6 31. Bd1 Nb6 32. Be2 Ra7 33. Rh5 Nd7 34. g5 hxg5 35. Rxg5+ Kf7 36. Rfg1 Ke7 37. Bh5 Kd8 38. Rg8+ Kc7 39.
R1g7 Kb6 40. Bg6 b3 41. a3 Nf8 42. Rxa7 Kxa7 43. Ke4 Kb6 44. Rg7 Ka6 0-1

[Event "*** Titled Tuesday Blitz"]
[Site "Chess.com"]
[Date "2020.05.12"]
[Round "10"]
[White "zmarian"]
[Black "kot60"]
[Result "1/2-1/2"]
[WhiteElo "2153"]
[BlackElo "2314"]
[TimeControl "180+1"]
[EndTime "11:53:46 PDT"]
[Termination "Game drawn - insufficient material"]

1. g3 e5 2. Bg2 d6 3. Nf3 Nc6 4. Nc3 h5 5. h4 f6 6. d4 Nge7 7.
O-O Bg4 8. dxe5 dxe5 9. Nh2 Qxd1 10. Rxd1 Bf5 11. e4 Be6 12. Be3 g6 13. f4 Rd8 14.
Rxd8+ Kxd8 15. Rd1+ Kc8 16. a3 Bh6 17. Kf2 Rd8 18.
Rxd8+ Kxd8 19. Nf3 Bg4 20. Nh2 Be6 21. Nd5 Bxd5 22.
exd5 Na5 23. b3 b6 24. fxe5 Bxe3+ 25. Kxe3 Nf5+ 26. Kf4 fxe5+ 27. Kxe5 Nxg3 28. Nf3 Ke7 29. Bh3 Nb7 30. Nd4 Nd6 31. Nc6+ Kf7 32. Nxa7 Ngf5 33.
Bxf5 Nxf5 34. Nb5 Nxh4 35. Nxc7 Nf3+ 36. Kf4 Nd4 37. Na8 Kf6 38. Nxb6 g5+ 39. Kg3 Kf5 40. d6 h4+ 41. Kg2 g4 42. d7 Ne6 43. Nd5 Ke5 44.
c4 Nd8 45. a4 Kd6 46. a5 Kxd7 47. Nf6+ Kc6 48. Nxg4 Kc5 49. Kh3 Nc6 50. Kxh4 Nxa5 51. Nf2 Nxc4 52. bxc4 Kxc4 1/2-1/2

[Event "*** Titled Tuesday Blitz"]
[Site "Chess.com"]
[Date "2020.05.12"]
[Round "10"]
[White "Oleksandr_Bortnyk"]
[Black "Hikaru"]
[Result "0-1"]
[WhiteElo "2989"]
[BlackElo "3251"]
[TimeControl "180+1"]
[EndTime "11:53:47 PDT"]
[Termination "Hikaru won on time"]

1. e4 g6 2. d4 Bg7 3. Nf3 c6 4. Nc3 d6 5. h3 b5 6. Bd3 a6 7. O-O Bb7 8. Be3 Nd7 9. Ne2 e5 10. c3 Ngf6 11. Ng3 O-O 12. Qd2 Re8 13. Bh6 Qe7 14.
Bxg7 Kxg7 15. Qg5 Kh8 16. Rae1 c5 17. d5 c4 18. Bc2 Nc5 19. Qd2 Nfd7 20. Nh2 a5 21. a3 Bc8 22. Ng4 Nb6 23. Nh6 Qf8 24. Qg5 f6 25. Qh4 Nd3 26. Bxd3 cxd3 27. f4 exf4 28. Qxf4 Nc4 29. b3 Ne5 30. Qd2 a4 31.
b4 Nc4 32. Qf4 Ra7 33. Rf2 d2 34. Rd1 Rae7 35. Kh2 Re5 36. Kg1 Kg7 37. Ng4 Bxg4 38. hxg4 Qe7 39. Rdxd2 Nxd2 40. Qxd2 Rg5 41. Rf4 h5 42.
Kf2 hxg4 43. Ne2 Re5 0-1

[Event "*** Titled Tuesday Blitz"]
[Site "Chess.com"]
[Date "2020.05.12"]
[Round "10"]
[White "SahaNeelash"]
[Black "1f3_2g41-0"]
[Result "1/2-1/2"]
[WhiteElo "2545"]
[BlackElo "2340"]
[TimeControl "180+1"]
[EndTime "11:53:47 PDT"]
[Termination "Game drawn by repetition"]

1. d4 Nf6 2. Bg5 d5 3. e3 e6 4. Nd2 Be7 5. Bd3 O-O 6. f4 c5 7. c3 Nc6 8. Ngf3 Nd7 9. O-O h6 10. Bxe7 Qxe7 11. Ne5 Ndxe5 12. fxe5 cxd4 13. exd4 b6 14.
Qg4 Qg5 15. Qe2 f5 16. exf6 gxf6 17. Rf3 Kh8 18. Rg3 Qh4 19. Rf1 f5 20. Rh3 Qf6 21. Qh5 Kh7 22. Nf3 Bd7 23. Ng5+ Kg7 24. Rff3 Be8 25.
Qh4 Rg8 26. Nxe6+ Qxe6 27. Bxf5 Qd6 28. Rhg3+ Kh8 29. Rxg8+ Kxg8 30. Qg4+ Kh8 31. Rg3 Qf8 32. Be6 Ne7 33. Qe2 Qf6 34. Rf3 Qg7 35. Rg3 Qf6 36. Rf3 Qg7 37. Rg3 Qf6 1/2-1/2

[Event "*** Titled Tuesday Blitz"]
[Site "Chess.com"]
[Date "2020.05.12"]
[Round "10"]
[White "Piotrek1979"]
[Black "Munkhzul_Turmunkh"]
[Result "1-0"]
[WhiteElo "2378"]
[BlackElo "2483"]
[TimeControl "180+1"]
[EndTime "11:53:47 PDT"]
[Termination "Piotrek1979 won by resignation"]

1. e4 c5 2. Nf3 d6 3. d4 cxd4 4. Nxd4 Nf6 5. Nc3 a6 6. g3 e5 7.
Nde2 b5 8. a3 Be7 9. Bg2 O-O 10. h3 Bb7 11. g4 h6 12. Ng3 Re8 13. Be3 Nbd7 14. Qd2 Nb6 15. Bxb6 Qxb6 16. Nf5 Bf8 17.
Bf3 Rad8 18. Ne3 d5 19. Ncxd5 Nxd5 20. Nxd5 Bxd5 21. exd5 e4 22. Be2 Re5 23. O-O-O Qxf2 24. Rhf1 Qg3 25. Qf4 Qxf4+ 26. Rxf4 Bc5 27. Rf5 Rxf5 28. gxf5 Kf8 29. c3 Ke7 30. b4 Bb6 31. a4 bxa4 32. Bxa6 Kf6 33. d6 Ke5 34. d7 Kxf5 35. c4 Be3+ 36.
Kc2 Ke6 37. c5 f5 38. Kc3 Ke7 39. Bb5 a3 40. Rd5 a2 41. Kb2 Ra8 42. Ka1 Bg5 43.
Re5+ Kf7 44. Rxf5+ Bf6+ 45. Rxf6+ gxf6 46. c6 e3 47. c7 e2 48. Bxe2 1-0

[Event "*** Titled Tuesday Blitz"]
[Site "Chess.com"]
[Date "2020.05.12"]
[Round "10"]
[White "Belka1989"]
[Black "Khayala13"]
[Result "1-0"]
[WhiteElo "2160"]
[BlackElo "2344"]
[TimeControl "180+1"]
[EndTime "11:53:47 PDT"]
[Termination "Belka1989 won by resignation"]

1. e4 c5 2. Nf3 e6 3. b3 d6 4. c4 Nc6 5. Bb2 e5 6. Nc3 g6 7. Nd5 Bg7 8. g3 Nge7 9. Bg2 O-O 10. O-O f5 11. d3 Nd4 12. Nxd4 exd4 13. f4 Be6 14. Re1 fxe4 15. Nxe7+ Qxe7 16. Bxe4 Qd7 17. Bxb7 Rae8 18. Bf3 Kh8 19. Bg2 d5 20. Qd2 dxc4 21. bxc4 Bh3 22. Ba3 Bxg2 23. Qxg2 Qf5 24. Re4 Rxe4 25.
Qxe4 Qc8 26. Re1 g5 27. fxg5 Qc7 28. g6 Qa5 29. Bc1 h6 30. Qe2 Qc3 31. Bf4 Qa3 32.
Be5 Qa6 33. Bxg7+ Kxg7 34. Qe7+ 1-0

[Event "*** Titled Tuesday Blitz"]
[Site "Chess.com"]
[Date "2020.05.12"]
[Round "10"]
[White "Kavyev_Ruslan"]
[Black "GukeshDommaraju"]
[Result "1-0"]
[WhiteElo "2480"]
[BlackElo "2703"]
[TimeControl "180+1"]
[EndTime "11:53:49 PDT"]
[Termination "Kavyev_Ruslan won by resignation"]

1. d4 Nf6 2. c4 g6 3. Nc3 Bg7 4. e4 d6 5. Be2 O-O 6. Be3 e5 7. d5 Na6 8. g4 Nc5 9. f3 h5 10. g5 Nh7 11. h4 f6 12. Qd2 fxg5 13. hxg5 a5 14. Nh3 Bxh3 15. Rxh3 a4 16. O-O-O Rf4 17. Rg1 Qe7 18. Kb1 Raf8 19. Rhg3 Rh4 20. Bd1 Rhf4 21. Be2 Qd7 22. Bd1 Kh8 23. Be2 c6 24. Bd1 cxd5 25.
Nxd5 R4f7 26. Nf6 Qc6 27. Bc2 Ne6 28. Qd5 Qc8 29. Bxa4 Nf4 30. Qd2 Nxf6 31. gxf6 Rxf6 32. Bxf4 exf4 33. Rxg6 Rxg6 34. Rxg6 Qxc4 35. Bb3 Qf1+ 36.
Bd1 Rf6 37. Rg5 Rh6 38. a3 h4 39. Ka2 h3 40. Bb3 Qb5 41. Rxb5 1-0

[Event "*** Titled Tuesday Blitz"]
[Site "Chess.com"]
[Date "2020.05.12"]
[Round "10"]
[White "XiaoKangZhong"]
[Black "Kildepiotr"]
[Result "1/2-1/2"]
[WhiteElo "2429"]
[BlackElo "2544"]
[TimeControl "180+1"]
[EndTime "11:53:49 PDT"]
[Termination "Game drawn by repetition"]

1. e4 g6 2. d4 Bg7 3. Nc3 c6 4. Nf3 d6 5. h3 Nf6 6. Bd3 O-O 7. O-O Nbd7 8. Be3 e5 9. dxe5 dxe5 10. Qe2 Qe7 11.
a3 Nc5 12. b4 Nxd3 13. cxd3 Nd7 14. d4 exd4 15. Bxd4 Ne5 16. Nxe5 Bxe5 17. Rfd1 Bxd4 18.
Rxd4 Be6 19. Rad1 a5 20. Qb2 axb4 21. Rxb4 b5 22. a4 bxa4 23. Rxa4 Rxa4 24. Nxa4 Rd8 25.
Rc1 Qa7 26. Nc5 Rb8 27. Qf6 Qa3 28. Qf4 Re8 29. Kh2 Qb2 30. Rd1 Kg7 31. Rd6 Qc3 32. Rxc6 Qf6 33. Nxe6+ Rxe6 34. Qxf6+ Kxf6 35. Rxe6+ Kxe6 36. Kg3 Ke5 37. Kf3 f5 38. exf5 Kxf5 39. Ke3 h5 40.
Kf3 h4 41. Ke3 Ke5 42. f3 g5 43. Ke2 Ke6 44. Kf2 Kf6 45. Ke3 Ke5 46. Kf2 Kf6 47. Ke3 Ke5 1/2-1/2

[Event "*** Titled Tuesday Blitz"]
[Site "Chess.com"]
[Date "2020.05.12"]
[Round "10"]
[White "WhiteCapital80"]
[Black "martabartel"]
[Result "1-0"]
[WhiteElo "2456"]
[BlackElo "2305"]
[TimeControl "180+1"]
[EndTime "11:53:49 PDT"]
[Termination "WhiteCapital80 won by resignation"]

1. e4 c5 2. Nf3 Nc6 3. d4 cxd4 4. Nxd4 Nf6 5. Nc3 d6 6. Be2 e5 7. Nb3 Be7 8. O-O Be6 9. f4 O-O 10. Kh1 a5 11. f5 Bc8 12. a4 Nb8 13. g4 h6 14. g5 hxg5 15. Bxg5 Nbd7 16. Rg1 Nc5 17. Nxc5 dxc5 18. Qe1 Nh7 19. Bxe7 Qxe7 20. Nd5 Qd6 21. f6 Nxf6 22. Qg3 g6 23. Bc4 Nxd5 24. Bxd5 Be6 25. Rad1 Rad8 26. Qg5 Rd7 27. Rd3 Bxd5 28. Rxd5 Qe7 29.
Qxe7 Rxe7 30. Rxc5 b6 31. Rd5 Rc8 32. c3 Rc4 33.
Re1 Rxa4 34. Rb5 Rd7 35. Re2 Rd1+ 36. Kg2 Raa1 37. Rxb6 Rg1+ 38. Kf3 Raf1+ 39. Ke3 Rg4 40. Rb5 f6 41. Rxa5 Rh4 42. Ra7 Rh1 43. b4 Rh3+ 44.
Kd2 R1xh2 45. Rxh2 Rxh2+ 46. Kd3 g5 47. b5 g4 48. b6 g3 49. b7 Rb2 50. Ra8+ Kg7 51.
b8=Q Rxb8 52. Rxb8 Kh6 53. Ke3 Kg5 54. Kf3 1-0

[Event "*** Titled Tuesday Blitz"]
[Site "Chess.com"]
[Date "2020.05.12"]
[Round "10"]
[White "FMalexhdez"]
[Black "frankshar"]
[Result "0-1"]
[WhiteElo "2061"]
[BlackElo "2350"]
[TimeControl "180+1"]
[EndTime "11:53:49 PDT"]
[Termination "frankshar won on time"]

1. e4 c6 2. d4 d5 3. exd5 cxd5 4. Bd3 Nc6 5. c3 g6 6. Bf4 Bh6 7. Ne2 Bg4 8. f3 Bf5 9. O-O Bxf4 10. Nxf4 Nf6 11. Re1 O-O 12. Bf1 Qb6 13. Qb3 e6 14. Nd2 h5 15. h4 Rfe8 16. Nd3 Bxd3 17. Bxd3 Qc7 18. Nf1 Kg7 19. a4 Rab8 20. Ne3 Qf4 21. Qc2 Qxh4 22. Qf2 Qxf2+ 23. Kxf2 Rbc8 24. a5 Nd7 25.
a6 b6 26. Bb5 Rc7 27. g3 Nf6 28. Rec1 Rec8 29. Bd3 Nxd4 30. Rd1 Nf5 31. Bxf5 gxf5 32. f4 Ng4+ 33. Nxg4 hxg4 34. Rd2 Rc4 35. Ke3 Re4+ 36.
Kf2 Rcc4 0-1

[Event "*** Titled Tuesday Blitz"]
[Site "Chess.com"]
[Date "2020.05.12"]
[Round "10"]
[White "zala02"]
[Black "DinaBelenkaya"]
[Result "0-1"]
[WhiteElo "2242"]
[BlackElo "2139"]
[TimeControl "180+1"]
[EndTime "11:53:49 PDT"]
[Termination "DinaBelenkaya won on time"]

1. d4 Nf6 2. c4 c5 3. d5 e5 4. Nc3 d6 5. e4 Be7 6. g3 a6 7. a4 b6 8. Bg2 Nbd7 9. Nge2 h5 10.
h4 Nf8 11. Qd3 Bd7 12. Bg5 Qc8 13. f4 Ng4 14. Bxe7 Kxe7 15. Nd1 Nh7 16. Ne3 Nhf6 17. Bf3 Kf8 18. Bxg4 Nxg4 19. Nxg4 Bxg4 20. fxe5 dxe5 21.
Rf1 Rh6 22. Kd2 b5 23. axb5 axb5 24. cxb5 Rxa1 25. Rxa1 c4 26. Qe3 Qb7 27. Nc3 Rf6 28. Qc5+ Kg8 29. Qxc4 Rf2+ 30. Ke1 Rxb2 31. d6 Qb6 32. Ra8+ Kh7 33. Nd1 Qg1+ 34. Qf1 Qxg3+ 35. Nf2 Qe3+ 0-1

[Event "*** Titled Tuesday Blitz"]
[Site "Chess.com"]
[Date "2020.05.12"]
[Round "10"]
[White "Jumbo"]
[Black "mbojan"]
[Result "1-0"]
[WhiteElo "2841"]
[BlackElo "2709"]
[TimeControl "180+1"]
[EndTime "11:53:50 PDT"]
[Termination "Jumbo won by resignation"]

1. d4 Nf6 2. Bf4 g6 3. e3 Bg7 4. Nf3 O-O 5. Be2 d6 6. h3 b6 7.
c4 Nbd7 8. Nc3 Bb7 9. Qc2 a6 10. O-O c5 11. Rad1 cxd4 12. exd4 Rc8 13. Qb3 Ne4 14. Nxe4 Bxe4 15. Qa3 Bb7 16. d5 Nf6 17. Rfe1 b5 18. b3 bxc4 19. Bxc4 Nd7 20. Bg5 Bf6 21. Qc1 a5 22. Qf4 Bxg5 23. Qxg5 Nf6 24. a4 Rc5 25. Qh6 Bxd5 26. Bxd5 Rxd5 27. Rxd5 Nxd5 28.
Ng5 Nf6 29. Re4 e6 30. Rh4 Re8 31. Nxh7 Nxh7 32. Qxh7+ Kf8 33. Rf4 Qc7 34. Qh8+ Ke7 35. Qf6+ Kf8 36. Rh4 Qc1+ 37. Kh2 1-0

[Event "*** Titled Tuesday Blitz"]
[Site "Chess.com"]
[Date "2020.05.12"]
[Round "10"]
[White "BabyBoss31"]
[Black "chessablanca"]
[Result "0-1"]
[WhiteElo "2330"]
[BlackElo "2467"]
[TimeControl "180+1"]
[EndTime "11:53:50 PDT"]
[Termination "chessablanca won by resignation"]

1. d4 Nf6 2. c4 e6 3. Nf3 Bb4+ 4. Bd2 Qe7 5. g3 O-O 6. Bg2 Bxd2+ 7. Qxd2 d6 8. Nc3 Nbd7 9. O-O e5 10. Rac1 c6 11.
e4 Re8 12. Rfe1 h6 13. Nh4 Nf8 14. Nf5 Bxf5 15. exf5 Qc7 16. d5 N8d7 17. h3 Nb6 18. b3 h5 19. Bf3 Qd7 20. Qg5 cxd5 21. Nxd5 Nbxd5 22. cxd5 e4 23. Bxh5 Re5 24. Qe3 Qxf5 25. Bg4 Nxg4 26. hxg4 Qxg4 27. Rc4 Rae8 28. Qf4 Qxf4 29.
gxf4 Rxd5 30. Rcxe4 Rxe4 31. Rxe4 Kf8 32. Rb4 b6 33.
Rc4 Rc5 34. Rd4 Ke7 35. Kg2 Rc2 36. Ra4 a5 37. Kf3 d5 38. a3 Rc3+ 39. Ke2 Rxb3 40. f5 Kd6 41. Rg4 Rxa3 42. Rxg7 Ke7 43. Rg4 Kf6 44. Rd4 Ke5 45. Rd1 Ra2+ 46. Ke3 b5 47. f4+ Kd6 48. Kd4 Ra4+ 49. Ke3 Rc4 50. Ra1 a4 51. f6 Ke6 52. Rd1 a3 53. Rb1 b4 54.
Ra1 Kxf6 55. Rb1 Ke6 0-1

[Event "*** Titled Tuesday Blitz"]
[Site "Chess.com"]
[Date "2020.05.12"]
[Round "10"]
[White "earling8018"]
[Black "spela91"]
[Result "1-0"]
[WhiteElo "2033"]
[BlackElo "2060"]
[TimeControl "180+1"]
[EndTime "11:53:50 PDT"]
[Termination "earling8018 won on time"]

1. d4 d5 2. c4 c6 3. cxd5 cxd5 4. Nc3 Nc6 5. Bf4 Nf6 6. e3 a6 7. Bd3 Bg4 8. Nge2 e6 9. O-O Be7 10. a3 O-O 11. b4 Rc8 12. Qb3 b5 13. f3 Bh5 14.
Ng3 Bg6 15. Bxg6 hxg6 16. Rad1 Nh5 17. Nxh5 gxh5 18. Ne2 Bf6 19. Rc1 g5 20. Bg3 h4 21.
Bf2 Qd7 22. Rc2 Ne7 23. Rfc1 Rc4 24. Rxc4 bxc4 25. Qc2 Nc6 26. Nc3 Rb8 27. Be1 Qb7 28.
Bd2 Na7 29. f4 gxf4 30. Rf1 fxe3 31. Rxf6 exd2 32. Qxd2 Kf8 33. Qf4 Ke8 34. Na4 Nb5 35.
Nc5 Qe7 36. Qxh4 Kd8 37. Qh8+ Qe8 38. Qh4 c3 39. Rxe6+ 1-0

[Event "*** Titled Tuesday Blitz"]
[Site "Chess.com"]
[Date "2020.05.12"]
[Round "10"]
[White "FedaMaster"]
[Black "KaterynaLagno"]
[Result "0-1"]
[WhiteElo "2554"]
[BlackElo "2696"]
[TimeControl "180+1"]
[EndTime "11:53:52 PDT"]
[Termination "KaterynaLagno won by resignation"]

1. e4 e5 2. Nf3 Nc6 3. Bb5 g6 4.
d4 exd4 5. Bg5 Be7 6. Bxe7 Qxe7 7. Bxc6 dxc6 8. Qxd4 Nf6 9. Nbd2 c5 10. Qe5 Be6 11. O-O-O O-O-O 12. h3 b6 13. b3 Rhe8 14. Rhe1 h6 15.
Qc3 g5 16. Ng1 Nh5 17. Ne2 Bd7 18. f3 Bc6 19. Nc4 f6 20. Rxd8+ Rxd8 21. Rd1 Rxd1+ 22. Kxd1 Bb5 23. Ne3 Qd6+ 24. Qd2 Bxe2+ 25. Kxe2 Nf4+ 26. Ke1 Qe5 27. Kf2 h5 28. Nc4 Qa1 29. Ne3 Qxa2 30. Qc3 h4 31. Qxf6 Qa5 32. Qf5+ Kb7 33. Qd7 Qc3 34. Qd1 a5 35. Nd5 Nxd5 36. Qxd5+ c6 37. Qd7+ Ka6 38. Qd1 b5 39. Qe2 Kb6 40. e5 Kc7 41. e6 Qd4+ 42. Kf1 Kd8 43. e7+ Ke8 44.
Qe6 Qd5 45. Qf6 Qd1+ 46. Kf2 Qd4+ 47. Qxd4 cxd4 48. f4 gxf4 49. Kf3 a4 50. bxa4 bxa4 51. Ke2 a3 52. Kd2 a2 53. Kd3 a1=Q 0-1

[Event "*** Titled Tuesday Blitz"]
[Site "Chess.com"]
[Date "2020.05.12"]
[Round "10"]
[White "profofchess"]
[Black "Unknown_IM"]
[Result "0-1"]
[WhiteElo "2434"]
[BlackElo "2565"]
[TimeControl "180+1"]
[EndTime "11:53:53 PDT"]
[Termination "Unknown_IM won by resignation"]

1. e4 e5 2. f4 d5 3. exd5 e4 4. d3 Nf6 5. dxe4 Nxe4 6. Be3 Bd6 7. Nf3 O-O 8. Bd3 Re8 9. O-O Nd7 10. Re1 Ndf6 11.
c4 Bg4 12. Nbd2 Nxd2 13. Bxd2 Bc5+ 14. Kh1 Qd6 15. Rb1 Rxe1+ 16. Qxe1 Bxf3 17. gxf3 Re8 18. Qg3 Be3 19. Bc3 Bxf4 20. Qh4 Be5 21. Re1 g6 22. Kg2 Bxc3 23. Rxe8+ Nxe8 24. bxc3 Nf6 25. Qd4 Kg7 26. Be4 b6 27. h3 Qa3 28. Kg3 Qxa2 29.
d6 cxd6 30. Qxd6 Nh5+ 31. Kh4 Qf2+ 32. Kg4 Qg1+ 33. Kh4 Qe1+ 34. Kg4 Qg1+ 35. Kh4 Qf2+ 36. Kg4 Nf6+ 37. Kg5 h6+ 38. Kf4 Qh2+ 0-1

[Event "*** Titled Tuesday Blitz"]
[Site "Chess.com"]
[Date "2020.05.12"]
[Round "10"]
[White "Bacyanide"]
[Black "IMinTheWings"]
[Result "1-0"]
[WhiteElo "2427"]
[BlackElo "2229"]
[TimeControl "180+1"]
[EndTime "11:53:53 PDT"]
[Termination "Bacyanide won by checkmate"]

1. d4 Nf6 2. Nf3 e6 3. c4 c5 4. d5 b5 5. dxe6 fxe6 6. cxb5 d5 7. Bg5 Bd6 8. e3 Nbd7 9. Nc3 O-O 10. Be2 Bb7 11. O-O Kh8 12. a4 Qc7 13.
a5 Rae8 14. b6 axb6 15. Nb5 Qb8 16. a6 Ba8 17. a7 Qd8 18. Nxd6 Re7 19. b4 e5 20.
bxc5 Nxc5 21. Nf5 Re6 22. Bh4 Qe8 23. Ng5 Rc6 24. Bb5 Qd7 25. Ng3 h6 26. Nf3 Qe6 27. Bxc6 Bxc6 28. Bxf6 Qxf6 29. Qb1 e4 30. Nd4 Ba8 31.
Qb5 h5 32. h3 h4 33. Ngf5 Qg5 34. Qxb6 Nd3 35. Qd6 Rd8 36. Ne6 Rxd6 37. Nxg5 Rf6 38. Nd4 Nc5 39. Rfc1 Rg6 40. Rxc5 Rxg5 41. Rc8+ Kh7 42.
Rxa8 Rxg2+ 43. Kxg2 g5 44. Rb8 g4 45. a8=Q gxh3+ 46. Kh1 h2 47. Rb7+ Kh6 48. Qh8+ Kg5 49. Rg7+ Kf6 50.
Qh6+ Ke5 51. Rg5# 1-0

[Event "*** Titled Tuesday Blitz"]
[Site "Chess.com"]
[Date "2020.05.12"]
[Round "10"]
[White "OMGCovid-19"]
[Black "DonBroca"]
[Result "0-1"]
[WhiteElo "1923"]
[BlackElo "2194"]
[TimeControl "180+1"]
[EndTime "11:53:53 PDT"]
[Termination "DonBroca won on time"]

1. d4 Nf6 2. Nf3 e6 3. Bg5 d5 4. e3 Be7 5. Bd3 O-O 6. O-O h6 7. Bh4 b6 8. Nbd2 Bb7 9. Ne5 Nfd7 10. Bxe7 Qxe7 11. f4 Nxe5 12. fxe5 f5 13. exf6 Rxf6 14. Nf3 Nd7 15. c3 Raf8 16. Bc2 e5 17. dxe5 Nxe5 18.
Qe2 Nc4 19. e4 Qc5+ 20. Kh1 Ne3 21. e5 Nxc2 22. exf6 Nxa1 23. Qe6+ Kh7 24. fxg7 Kxg7 25. Qe5+ Kg8 26. Rxa1 d4 27. Qe6+ Kg7 28. Ne5 Rf6 29. Qd7+ Kh8 30. Nf7+ Kg8 31. Nd8 Bxg2+ 32. Kxg2 Qg5+ 33.
Kh1 Qf4 34. Rg1+ Qg5 35. Rxg5+ hxg5 36. Qe8+ Kg7 37. Qe7+ Kg6 0-1

[Event "*** Titled Tuesday Blitz"]
[Site "Chess.com"]
[Date "2020.05.12"]
[Round "10"]
[White "lifeissofun"]
[Black "Zmeeed63"]
[Result "1-0"]
[WhiteElo "2340"]
[BlackElo "2193"]
[TimeControl "180+1"]
[EndTime "11:53:55 PDT"]
[Termination "lifeissofun won by checkmate"]

1. e4 Nc6 2. Nf3 d6 3. d4 Bg4 4.
Bb5 a6 5. Bc4 e6 6. c3 d5 7. Bd3 dxe4 8. Bxe4 Nf6 9. Bxc6+ bxc6 10. O-O Qd5 11. Nbd2 Bd6 12. h3 Bh5 13. Qa4 Qb5 14.
Qc2 Bg6 15. Qd1 O-O 16. c4 Qb8 17. Qa4 c5 18. dxc5 Bxc5 19. Ne5 Bf5 20. Ndf3 Qb6 21.
Bg5 Qxb2 22. Bxf6 gxf6 23. Nd7 Bxf2+ 24. Kh1 Rfd8 25. Rad1 Bg3 26. Rd2 Qc3 27. Rfd1 Bd6 28. Nd4 Qg3 29. Nxf6+ Kh8 30. Nf3 Bxh3 31. Qc6 Bf5 32. Nh5 Qg6 33. Nf4 Qh6+ 34. Nh3 Bxh3 35. gxh3 Qxh3+ 36. Kg1 Qxf3 37. Qxf3 Rg8+ 38. Rg2 Bc5+ 39.
Kh1 Rgd8 40. Qf6# 1-0

[Event "*** Titled Tuesday Blitz"]
[Site "Chess.com"]
[Date "2020.05.12"]
[Round "10"]
[White "L_lorenzo"]
[Black "Ariadna_Atreides"]
[Result "1-0"]
[WhiteElo "2204"]
[BlackElo "2082"]
[TimeControl "180+1"]
[EndTime "11:53:55 PDT"]
[Termination "L_lorenzo won on time"]

1. d4 e6 2. c4 Bb4+ 3. Nd2 f5 4.
Nf3 Nf6 5. e3 b6 6. Bd3 Bb7 7.
O-O O-O 8. a3 Bxd2 9. Nxd2 g6 10. f3 c5 11. dxc5 bxc5 12. b4 d6 13. Bb2 Nc6 14.
b5 Ne5 15. Be2 Qc7 16. Qc2 h6 17. a4 Kh7 18. a5 Rae8 19. Qc3 Qf7 20. Rfd1 Ned7 21.
Nb3 d5 22. cxd5 Nxd5 23. Qc1 Rc8 24. Bc4 f4 25. e4 Ne3 26. Rd6 Rfe8 27. Qc3 Qe7 28.
Rxe6 Qf8 29. Rxe8 Rxe8 30. Bf1 Bc8 31. Nxc5 Qxc5 32. Qxc5 Nxc5 33. Bd4 Nxf1 34. Bxc5 Ne3 35. Bxa7 Rd8 36. Bxe3 fxe3 37. a6 1-0